 Seeded DCSS version 0.30.1-11-g7821555f0a (webtiles) character file.

Game seed: 430007637681659361 (custom seed)

58 strifetoe the Chopper (level 3, -4/29 HPs)
             Began as a Demonspawn Fighter on Nov 9, 2023.
             Slain by Terence
             ... wielding a +0 hand axe of electrocution
              (10 damage)
             ... on level 2 of the Dungeon.
             The game lasted 00:01:11 (937 turns).

strifetoe the Chopper (Demonspawn Fighter)           Turns: 937, Time: 00:01:11

Health: -4/29      AC:  6    Str: 18    XL:     3   Next: 76%
Magic:  0/3        EV:  9    Int:  9    God:
Gold:   50         SH:  4    Dex: 12    Spells: 2/2 levels left

rFire   . . .        g - +3 war axe
rCold   . . .        c - +0 buckler
rNeg    . . .        b - +0 scale mail
rPois   .            (no helmet)
rElec   .            (no cloak)
rCorr   .            (no gloves)
SInv    .            (no boots)
Will    .....        (no amulet) Stlth
                     (no ring)
HPRegen 0.24/turn    (no ring)
MPRegen 0.16/turn

%: guardian spirit
@: no status effects
A: magic shield, magic regeneration
a: no special abilities


You were on level 2 of the Dungeon.
You visited 1 branch of the dungeon, and saw 2 of its levels.

You collected 50 gold pieces.

Inventory:

Hand Weapons
 a - a +0 war axe
 g - a +3 war axe (weapon)
Armour
 b - a +0 scale mail (worn)
 c - a +0 buckler (worn)
Jewellery
 k - a ring of flight
Scrolls
 e - 2 scrolls of noise {unknown}
 f - a scroll of vulnerability {unknown}
 i - a scroll of identify {unknown}
 j - a scroll of fear {unknown}
 l - a scroll of brand weapon {unknown}
 o - 3 scrolls of acquirement {unknown}
Potions
 d - a potion of might
 h - a potion of curing {unknown}
 m - a potion of cancellation {unknown}
 n - a potion of ambrosia {unknown}


   Skills:
 - Level 3.0 Fighting
 + Level 3.8 Axes
 - Level 2.6 Armour
 - Level 2.6 Shields


You had 2 spell levels left.
You didn't know any spells.
Your spell library contained the following spells:

 Spells                   Type           Power      Damage    Failure   Level
 Sandblast                Erth           0%         2d4       86%         1
 Passwall                 Tmut/Erth      0%         N/A       94%         2
 Stone Arrow              Conj/Erth      0%         3d7       99%         3


Dungeon Overview and Level Annotations

Branches:
Dungeon (2/15)

Altars:

Annotations:
D:2 Terence


Innate Abilities, Weirdness & Mutations

When hurt, damage is shared between your health and your magic reserves.
You regenerate magic rapidly.


Message History

There is a stone staircase leading up here.
Found a stone staircase leading down.
Found 5 stones.
There is a stone staircase leading down here.
Terence and an adder come into view.
Terence is wielding a +0 hand axe of electrocution and carrying a wand of flame (26).
Terence shouts!
The adder hisses angrily.
You hear an angry hiss.
Terence moves out of view.
Found a helmet.
You see here 5 stones.
Found a stone.
A ball python comes into view.
The ball python hisses angrily.
You slash the adder!
You kill the adder!
A rat comes into view.
You hit Terence.
Terence is lightly wounded.
Terence hits you with a +0 hand axe of electrocution.
Terence zaps a wand.
The puff of flame hits you but does no damage.
You hit Terence but do no damage.
Terence is lightly wounded.
Terence zaps a wand.
The puff of flame hits you!
The ball python bites you but does no damage.
The ball python closely misses you.
You slash Terence!
Terence is severely wounded.
You slash the ball python!
You kill the ball python!
Terence looks scornfully at you. Terence barely misses you.
You hit Terence.
Terence is almost dead.
Terence hits you with a +0 hand axe of electrocution!
You are electrocuted!
* * * LOW HITPOINT WARNING * * *
The rat bites you but does no damage. Terence hits you but does no damage.
You are electrocuted!
You die...

#####..##
#.....>.#
#####.#####.#
##....<# #.#
####..#####
#.# #....##
#.# ..####
#(### ###
##...##
#.†@r.#
#....@......
#............
#............
#............
#...[........
#(...........
#............


You could see Terence and a rat.

Vanquished Creatures
  2 adders (D:2)
  A dart slug (D:1)
  2 endoplasms
  4 giant cockroaches
  2 goblins (D:1)
  5 hobgoblins
  2 quokkas (D:1)
  8 ball pythons
  6 bats (D:1)
  A frilled lizard (D:1)
  A kobold (D:1)
  4 rats (D:1)
38 creatures vanquished.

Notes
Turn   | Place    | Note
-------+----------+-------------------------------------------
     0 | D:1      | strifetoe the Demonspawn Fighter began the quest for the
                  | Orb.
     0 | D:1      | Reached XP level 1. HP: 18/18 MP: 1/1
   217 | D:1      | Gained mutation: You regenerate magic rapidly. [demonic
                  | ancestry]
   217 | D:1      | Reached XP level 2. HP: 24/24 MP: 2/2
   626 | D:1      | Gained mutation: When hurt, damage is shared between your
                  | health and your magic reserves. [demonic ancestry]
   626 | D:1      | Reached XP level 3. HP: 27/29 MP: 3/3
   929 | D:2      | Noticed Terence
   937 | D:2      | Slain by Terence

Illustrated notes

Levels and vault maps discovered:
D:1:      wander_arrival_chamber, layout_basic, kennysheep_boxes
D:2:      layout_rooms, dilly_ecumenical_altar_fadedgnrine, basic_altar,
          uniq_terence

Skill      XL: |  1  2 |
---------------+-------+-----
Axes           | 2 3 |  3.8
Fighting       | |  3.0
Armour         | |  2.6
Shields        | |  2.6

Action                     || total
---------------------------++-------
  Melee: War axe           ||   112
 Armour: Scale mail        ||    89
  Dodge: Dodged            ||    68
  Block: Buckler           ||    43
